 Dungeon Crawl Stone Soup version 0.29.1-15-g9cfb28693d (webtiles) character file.

Game seed: 4585867437626919021

175 hawla the Firebug (level 6, -3/46 HPs)
             Began as a Meteoran Fire Elementalist on Feb 27, 2023.
             Slain by Duvessa
             ... wielding a +0 short sword
              (6 damage)
             ... on level 4 of the Dungeon.
             The game lasted 00:07:53 (650 turns).

hawla the Firebug (Meteoran Fire Elementalist)       Turns: 650, Time: 00:07:54

Health: -3/46      AC:  2    Str:  6 (9)  XL:     6   Next: 11%
Magic:  12/14      EV: 12    Int: 17 (19) God:
Gold:   101        SH:  0    Dex: 13 (15) Spells: 11/14 levels left

rFire   + . .      SeeInvis .   n - +1 falchion (venom)
rCold   + . .      Faith    .   (no shield)
rNeg    . . .      Spirit   .   a - +0 robe
rPois   .          Reflect  .   (no helmet)
rElec   .          Harm     .   i - scarf {rC+ rF+}
rCorr   .          Rampage  .   (no gloves)
Will    .....                   (no boots)
Stlth   +.........              (no amulet)
HPRegen 0.15/turn               k - ring of flight
MPRegen 0.14/turn               (no ring)

@: brilliant, flying, glowing
A: sense surroundings 1, otherworldly, glowing, explore regen
a: no special abilities


You were on level 4 of the Dungeon.
You visited 1 branch of the dungeon, and saw 4 of its levels.

You collected 101 gold pieces.

Inventory:

Hand Weapons
 n - a +1 falchion of venom (weapon)
Armour
 a - a +0 robe (worn)
 i - a scarf of resistance (worn)
Jewellery
 k - a ring of flight (left hand)
Scrolls
 g - a scroll of identify
 l - a scroll of fog
 m - a scroll of summoning {unknown}
 o - 2 scrolls of vulnerability {unknown}
Potions
 b - 2 potions of magic
 e - a potion of cancellation
 f - 2 potions of degeneration


   Skills:
 + Level 0.3 Fighting
 + Level 2.8 Dodging
 - Level 1.4 Stealth
 + Level 4.9 Spellcasting
 + Level 2.2 Conjurations
 + Level 5.3 Fire Magic


You had 11 spell levels left.
You knew the following spells:

 Your Spells              Type           Power      Damage    Failure   Level
a - Foxfire               Conj/Fire      100%       2x1d9     3%          1
b - Scorch                Fire           66%        2d8       2%          2

Your spell library contained the following spells:

 Spells                   Type           Power      Damage    Failure   Level
 Conjure Flame            Conj/Fire      25%        6-21      9%          3
 Inner Flame              Hex/Fire       19%        N/A       14%         3
 Flame Wave               Conj/Fire      25%        2d8       30%         4


Dungeon Overview and Level Annotations

Branches:
Dungeon (4/15) Zot: 1750
 Temple: D:4-7

Altars:
Zin

Annotations:
D:4 Dowan, Duvessa


Innate Abilities, Weirdness & Mutations

You passively map a small area around you.
You are easily found by Zot.
You glow in the dark.
You regain HP and MP as you explore.


Message History

The orc shouts!
The orc wizard mumbles some strange words.
The orc wizard flickers and vanishes!
Deactivating autopickup; reactivate with Ctrl-A.
Dowan, Brother of Duvessa comes into view.
He is wielding a +0 dagger of distortion.
As you read the scroll labelled XYOMPOEMUNT, it crumbles to dust.
You feel aware of your surroundings.
It was a scroll of magic mapping.
Dowan shouts!
An orc priest comes into view. It is wielding a +0 club.
The orc wizard misses you. The orc hits you with a +0 dagger.
The air fills with toxic fumes!
As you read the scroll labelled WETRUNABLE, it crumbles to dust.
It was a scroll of poison.
Duvessa hits you with a +0 short sword!
The orc wizard hits you with a +0 dagger.
The orc misses you.
As you read the scroll labelled YHUWIE SORIEKH, it crumbles to dust.
It is a scroll of brand weapon.
Your +1 falchion of freezing drips with poison.
n - a +1 falchion of venom (weapon)
Duvessa hits you with a +0 short sword! The orc wizard misses you.
The orc barely misses you.
As you read the scroll labelled ROMADUG YRETU, it crumbles to dust.
The scroll dissolves into smoke.
It was a scroll of fog.
Duvessa hits you with a +0 short sword. The orc wizard casts a spell at you.
The magic dart hits you!
* * * LOW HITPOINT WARNING * * *
The orc hits you with a +0 dagger.
* * * LOW HITPOINT WARNING * * *
It was a potion of degeneration.
There was something very wrong with that liquid.
You feel weakened.
You feel dopey.
You feel clumsy. Duvessa hits you with a +0 short sword.
* * * LOW HITPOINT WARNING * * *
The orc wizard misses you. The orc closely misses you.
Unknown command.
It was a potion of brilliance.
You feel clever all of a sudden. Duvessa hits you with a +0 short sword.
You die...

**,,,,,,,,***,,,,*,,,*
*,,,,,....§#§,,*,*,***
****,,,,..e§§§§,,*,,,,,,
**,.....,.o§§K§§,,***,,,,
*,,,....,..§§§§§*,,*,,***
##.,,...##)§§§§§§,,,,,,,*
#..,,#..#{o§§§§§§....,..#
##..*##..#oe§§§§§§#...##.##
#...,#..##@o§§§§##....#....
#...##...#§§§§§§§§.........
**##.....§§§§§§§§§.........
#.....##§§§§§§§§.........
#..##.#§§§§§§§§§.....))..
#...####§§§§§§§§......)..
##..###§§§§§§§§§....####.
##...###§§§§§§§..####.#.
##..## ##........###....


You could see Duvessa, an orc priest, an orc wizard, an orc and a kobold.

Vanquished Creatures
  A scorpion (D:4)
  An iguana (D:4)
  4 adders
  2 dart slugs (D:4)
  8 orcs (D:4)
  A bat (D:2)
  3 endoplasms (D:3)
  4 giant cockroaches
  5 goblins
  4 hobgoblins
  3 jackals (D:2)
  2 ball pythons (D:4)
  A frilled lizard (D:1)
  4 kobolds
  A rat (D:2)
44 creatures vanquished.

Vanquished Creatures (others)
  98 foxfires
98 creatures vanquished.

Grand Total: 142 creatures vanquished

Notes
Turn   | Place    | Note
-------+----------+-------------------------------------------
     0 | D:1      | hawla the Meteoran Fire Elementalist began the quest for
                  | the Orb.
     0 | D:1      | Reached XP level 1. HP: 14/14 MP: 5/5
    58 | D:1      | Reached skill level 4 in Fire Magic
    86 | D:2      | Reached XP level 2. HP: 20/20 MP: 4/6
   164 | D:3      | Learned a level 2 spell: Scorch
   165 | D:3      | Reached XP level 3. HP: 26/26 MP: 5/8
   233 | D:3      | Reached XP level 4. HP: 31/33 MP: 6/10
   241 | D:3      | Found a glowing silver altar of Zin.
   418 | D:4      | Noticed a scorpion
   425 | D:4      | Killed a scorpion
   426 | D:4      | Reached skill level 5 in Fire Magic
   426 | D:4      | Reached XP level 5. HP: 39/39 MP: 4/12
   539 | D:4      | Reached XP level 6. HP: 41/46 MP: 8/14
   640 | D:4      | Noticed Duvessa
   644 | D:4      | Noticed Dowan
   650 | D:4      | Slain by Duvessa

Illustrated notes

Levels and vault maps discovered:
D:1:      dpeg_arrival_arbitrary_a, layout_loops_ring, serial_forest,
          infiniplex_forest_clump_diagonal, infiniplex_forest_end_3,
          infiniplex_forest_corner_2, infiniplex_forest_clump_diagonal,
          infiniplex_forest_side_room, infiniplex_forest_clump_tiny,
          infiniplex_forest_end_2, infiniplex_forest_lined_room_,
          hellmonk_ecumenical_altar_leap_of_faith, minmay_octomino_j4
D:2:      layout_rooms, basic_altar, hex_intersection, st_stairs_10,
          uniq_natasha, uniq_robin
D:3:      layout_basic, zin_academy
D:4:      layout_cave_pools, minmay_starry_boxes, uniq_duvessa

Skill      XL: |  1  2  3  4 |
---------------+-------------+-----
Fire Magic     | 4 5 |  5.3
Spellcasting   | 3 4 |  4.9
Conjurations   | 2 |  2.2
Fighting       | |  0.3
Dodging        | |  2.8
Stealth        | |  1.4

Action                   |  1- 3 |  4- 6 || total
-------------------------+-------+-------++-------
Melee: Unarmed           |     9 |     7 ||    16
       Punch             |     1 |       ||     1
 Cast: Foxfire           |    23 |    35 ||    58
       Scorch            |     2 |    10 ||    12
  Use: Scroll            |       |     5 ||     5
       Potion            |       |     2 ||     2
Armor: Robe              |     3 |     2 ||     5
Dodge: Dodged            |     8 |    20 ||    28
